TOP OF THE 1ST |
Milwaukee (WIN) Brewers batting - Pitching for Detroit (WIN) Tigers : RHP Andy Miller
|
Pitching: RHP Andy Miller
|
|
Batting: RHB Logan Morgan
|
0-0: Ball 1-0: Fly out, F7 (Line Drive, 7S, EV 95.0 MPH)
|
Batting: RHB Joe LaDue
|
0-0: Ball 1-0: Called Strike 1-1: Foul Ball, location: 2F 1-2: Fly out, F9 (Flyball, 9LS, EV 91.2 MPH)
|
Batting: LHB Gabe Harvey
|
0-0: Fly out, F8 (Flyball, 89M, EV 88.1 MPH)
|
Top of the 1st over - 0 runs, 0 hits, 0 errors, 0 left on base; Milwaukee (WIN) 0 - Detroit (WIN) 0 |
BOTTOM OF THE 1ST |
Detroit (WIN) Tigers batting - Pitching for Milwaukee (WIN) Brewers : RHP Mark Hincks
|
Pitching: RHP Mark Hincks
|
|
Batting: RHB Jon Goldstein
|
0-0: Ball 1-0: Called Strike 1-1: Foul Ball, location: 2F 1-2: Fly out, F8 (Flyball, 8RS, EV 81.2 MPH)
|
Batting: LHB Freddy Troncoso
|
0-0: Called Strike 0-1: Ball 1-1: Swinging Strike 1-2: SINGLE (Line Drive, 4D, EV 106.9 MPH)
|
Batting: SHB Ross Holland
|
0-0: Called Strike Freddy Troncoso steals 2nd base 0-1: Called Strike 0-2: Foul Ball, location: 2F 0-2: Ball 1-2: Foul Ball, location: 2F 1-2: Ball 2-2: Ball 3-2: Foul Ball, location: 2F 3-2: Base on Balls
|
Batting: RHB Bill Cabrera
|
0-0: Ball 1-0: Ball 2-0: 3-RUN HOME RUN (Flyball, 9D, EV 101.9 MPH), Distance : 377 ft
|
Batting: LHB Jon Frederick
|
0-0: SOLO HOME RUN (Flyball, 89XD, EV 101.9 MPH), Distance : 423 ft
|
Batting: RHB Steve Clark
|
0-0: Called Strike 0-1: Ball 1-1: Fly out, F6 (Popup, 6MS, EV 83.8 MPH)
|
Batting: RHB Joel Miller
|
0-0: Called Strike 0-1: Foul Ball, location: 2F 0-2: Strikes out looking
|
Bottom of the 1st over - 4 runs, 3 hits, 0 errors, 0 left on base; Milwaukee (WIN) 0 - Detroit (WIN) 4 |
TOP OF THE 2ND |
Milwaukee (WIN) Brewers batting - Pitching for Detroit (WIN) Tigers : RHP Andy Miller
|
Batting: RHB Eddie McCoy
|
0-0: Foul Ball, location: 2F 0-1: SINGLE (Line Drive, 56D, EV 99.4 MPH)
|
Batting: RHB Nick Garland
|
0-0: Ball 1-0: Foul Ball, location: 2F 1-1: Called Strike 1-2: Foul Ball, location: 2F 1-2: Foul Ball, location: 2F 1-2: Ground out 4-3 (Groundball, 4M, EV 105.6 MPH) Eddie McCoy to second
|
Batting: SHB Mitchell Greene
|
0-0: Ball 1-0: Called Strike 1-1: Ball 2-1: Swinging Strike 2-2: Strikes out swinging
|
Batting: RHB John Freeman
|
0-0: Ball 1-0: Ball 2-0: Foul Ball, location: 2F 2-1: Foul Ball, location: 2F 2-2: Strikes out swinging
|
Top of the 2nd over - 0 runs, 1 hit, 0 errors, 1 left on base; Milwaukee (WIN) 0 - Detroit (WIN) 4 |
BOTTOM OF THE 2ND |
Detroit (WIN) Tigers batting - Pitching for Milwaukee (WIN) Brewers : RHP Mark Hincks
|
Batting: RHB Aaron Cusick
|
0-0: Ball 1-0: Ball 2-0: Ball 3-0: Base on Balls
|
Batting: RHB Casey Knutson
|
0-0: Ball 1-0: Foul Ball, location: 2F 1-1: Fly out, F7 (Line Drive, 7, EV 100.0 MPH)
|
Batting: RHB Jon Goldstein
|
0-0: Ball Aaron Cusick is caught stealing 2nd base 2-4 1-0: DOUBLE (Line Drive, 5D, EV 96.2 MPH)
|
Batting: LHB Freddy Troncoso
|
0-0: Ball 1-0: DOUBLE (Groundball, 3D, EV 96.2 MPH) Jon Goldstein scores
|
Batting: SHB Ross Holland
|
0-0: Foul Ball, location: 2F 0-1: Swinging Strike 0-2: Fly out, F3 (Popup, 3SF, EV 77.5 MPH)
|
Bottom of the 2nd over - 1 run, 2 hits, 0 errors, 1 left on base; Milwaukee (WIN) 0 - Detroit (WIN) 5 |
TOP OF THE 3RD |
Milwaukee (WIN) Brewers batting - Pitching for Detroit (WIN) Tigers : RHP Andy Miller
|
Batting: RHB Brian Landrum
|
0-0: Ball 1-0: Called Strike 1-1: Ball 2-1: Ball 3-1: Ground out 5-3 (Groundball, 56S, EV 88.8 MPH)
|
Batting: LHB Paul Collins
|
0-0: Ball 1-0: Ball 2-0: Ball 3-0: Called Strike 3-1: Base on Balls
|
Batting: RHB Logan Morgan
|
0-0: Ball 1-0: Called Strike 1-1: Ball 2-1: Foul Ball, location: 2F 2-2: Ball Paul Collins is caught stealing 2nd base 2-4 3-2: Ground out 3-1 (Groundball, 34, EV 90.6 MPH)
|
Top of the 3rd over - 0 runs, 0 hits, 0 errors, 0 left on base; Milwaukee (WIN) 0 - Detroit (WIN) 5 |
BOTTOM OF THE 3RD |
Detroit (WIN) Tigers batting - Pitching for Milwaukee (WIN) Brewers : RHP Mark Hincks
|
Batting: RHB Bill Cabrera
|
0-0: Ball 1-0: SINGLE (Line Drive, 6MD, EV 108.1 MPH)
|
Batting: LHB Jon Frederick
|
0-0: SINGLE (Groundball, 4D, EV 109.4 MPH) Bill Cabrera to second
|
Batting: RHB Steve Clark
|
0-0: Called Strike 0-1: Foul Ball, location: 2F 0-2: Strikes out looking
|
Batting: RHB Joel Miller
|
0-0: Ball 1-0: Ball 2-0: Foul Ball, location: 2F 2-1: Swinging Strike 2-2: Ball 3-2: Base on Balls Bill Cabrera to third Jon Frederick to second
|
Batting: RHB Aaron Cusick
|
0-0: Ball 1-0: Swinging Strike 1-1: Ball 2-1: Foul Ball, location: 2F 2-2: Ball 3-2: Strikes out swinging
|
Batting: RHB Casey Knutson
|
0-0: Fly out, F7 (Flyball, 78M, EV 80.0 MPH)
|
Bottom of the 3rd over - 0 runs, 2 hits, 0 errors, 3 left on base; Milwaukee (WIN) 0 - Detroit (WIN) 5 |
TOP OF THE 4TH |
Milwaukee (WIN) Brewers batting - Pitching for Detroit (WIN) Tigers : RHP Andy Miller
|
Batting: RHB Joe LaDue
|
0-0: Ball 1-0: Foul Ball, location: 2F 1-1: Foul Ball, location: 2F 1-2: Strikes out looking
|
Batting: LHB Gabe Harvey
|
0-0: Foul Ball, location: 2F 0-1: Ball 1-1: Fly out, F8 (Flyball, 8RS, EV 83.8 MPH)
|
Batting: RHB Eddie McCoy
|
0-0: Ball 1-0: Ball 2-0: Foul Ball, location: 2F 2-1: Ball 3-1: Fly out, F8 (Flyball, 8RM, EV 88.8 MPH)
|
Top of the 4th over - 0 runs, 0 hits, 0 errors, 0 left on base; Milwaukee (WIN) 0 - Detroit (WIN) 5 |
BOTTOM OF THE 4TH |
Detroit (WIN) Tigers batting - Pitching for Milwaukee (WIN) Brewers : RHP Mark Hincks
|
Batting: RHB Jon Goldstein
|
0-0: Ball 1-0: Foul Ball, location: 2F 1-1: Ball 2-1: Foul Ball, location: 2F 2-2: Ball 3-2: Foul Ball, location: 2F 3-2: Base on Balls
|
Batting: LHB Freddy Troncoso
|
0-0: Grounds into double play, 3-6-3 (Groundball, 3, EV 104.4 MPH)
|
Batting: SHB Ross Holland
|
0-0: Ball 1-0: Ball 2-0: Ball 3-0: Called Strike 3-1: Ground out U3 (Groundball, 3S, EV 66.2 MPH)
|
Bottom of the 4th over - 0 runs, 0 hits, 0 errors, 0 left on base; Milwaukee (WIN) 0 - Detroit (WIN) 5 |
TOP OF THE 5TH |
Milwaukee (WIN) Brewers batting - Pitching for Detroit (WIN) Tigers : RHP Andy Miller
|
Batting: RHB Nick Garland
|
0-0: Foul Ball, location: 2F 0-1: Ball 1-1: Ball 2-1: DOUBLE (Line Drive, 9LS, EV 95.6 MPH)
|
Batting: SHB Mitchell Greene
|
0-0: Called Strike 0-1: Ball 1-1: Ball 2-1: Foul Ball, location: 2F 2-2: TRIPLE (Flyball, 9D, EV 100.6 MPH) Nick Garland scores
|
Batting: RHB John Freeman
|
0-0: Ball 1-0: Called Strike 1-1: Ball 2-1: DOUBLE (Flyball, 8LXD, EV 110.0 MPH) Mitchell Greene scores
|
Batting: RHB Brian Landrum
|
0-0: Ball 1-0: Ball 2-0: Called Strike 2-1: Foul Ball, location: 2F 2-2: Foul Ball, location: 2F 2-2: Ground out 4-3 (Groundball, 4, EV 93.8 MPH) John Freeman to third
|
Batting: LHB Paul Collins
|
0-0: Ball 1-0: Foul Ball, location: 2F 1-1: Fly out, F8 (Flyball, 8LXD, EV 94.4 MPH) Runner from 3rd tags up, SCORES, no throw by CF
|
Batting: RHB Logan Morgan
|
0-0: Called Strike 0-1: Swinging Strike 0-2: Foul Ball, location: 2F 0-2: Ball 1-2: Strikes out looking
|
Top of the 5th over - 3 runs, 3 hits, 0 errors, 0 left on base; Milwaukee (WIN) 3 - Detroit (WIN) 5 |
BOTTOM OF THE 5TH |
Detroit (WIN) Tigers batting - Pitching for Milwaukee (WIN) Brewers : RHP Mark Hincks
|
Batting: RHB Bill Cabrera
|
0-0: Foul Ball, location: 2F 0-1: Ball 1-1: SINGLE (Groundball, 6MD, EV 103.1 MPH)
|
Batting: LHB Jon Frederick
|
0-0: Fielders Choice at 2nd, 4-6 (Groundball, 4, EV 87.5 MPH)
|
Batting: RHB Steve Clark
|
0-0: Foul Ball, location: 2F 0-1: Foul Ball, location: 2F 0-2: Strikes out swinging
|
Batting: RHB Joel Miller
|
0-0: Ball 1-0: Called Strike Jon Frederick steals 2nd base 1-1: Ball 2-1: Ball 3-1: Base on Balls
|
Batting: RHB Aaron Cusick
|
0-0: Ball 1-0: Swinging Strike 1-1: Ball 2-1: Foul Ball, location: 2F 2-2: Fielders Choice at 2nd, 6-4 (Groundball, 6, EV 88.8 MPH)
|
Bottom of the 5th over - 0 runs, 1 hit, 0 errors, 2 left on base; Milwaukee (WIN) 3 - Detroit (WIN) 5 |
TOP OF THE 6TH |
Milwaukee (WIN) Brewers batting - Pitching for Detroit (WIN) Tigers : RHP Andy Miller
|
Batting: RHB Joe LaDue
|
0-0: Ball 1-0: Ball 2-0: Ball 3-0: Called Strike 3-1: Base on Balls
|
Batting: LHB Gabe Harvey
|
0-0: Fly out, F8 (Line Drive, 8LS, EV 91.9 MPH)
|
Batting: RHB Eddie McCoy
|
0-0: Ball 1-0: Called Strike Joe LaDue is caught stealing 2nd base 2-4 1-1: Foul Ball, location: 2F 1-2: Ball 2-2: Ball 3-2: Foul Ball, location: 2F 3-2: Fly out, F9 (Line Drive, 9, EV 95.6 MPH)
|
Top of the 6th over - 0 runs, 0 hits, 0 errors, 0 left on base; Milwaukee (WIN) 3 - Detroit (WIN) 5 |
BOTTOM OF THE 6TH |
Detroit (WIN) Tigers batting - Pitching for Milwaukee (WIN) Brewers : RHP Mark Hincks
|
Batting: RHB Casey Knutson
|
0-0: Called Strike 0-1: Foul Ball, location: 2F 0-2: Strikes out swinging
|
Batting: RHB Jon Goldstein
|
0-0: Called Strike 0-1: Foul Ball, location: 2F 0-2: Foul Ball, location: 2F 0-2: Ball 1-2: Ground out 2-3 (Groundball, 2R, EV 75.6 MPH)
|
Batting: LHB Freddy Troncoso
|
0-0: SINGLE (Groundball, 4D, EV 96.2 MPH)
|
Batting: SHB Ross Holland
|
0-0: Called Strike Freddy Troncoso is caught stealing 2nd base 2-6
|
Bottom of the 6th over - 0 runs, 1 hit, 0 errors, 0 left on base; Milwaukee (WIN) 3 - Detroit (WIN) 5 |
TOP OF THE 7TH |
Milwaukee (WIN) Brewers batting - Pitching for Detroit (WIN) Tigers : RHP Andy Miller
|
Batting: RHB Nick Garland
|
0-0: Ball 1-0: Swinging Strike 1-1: Foul Ball, location: 2F 1-2: Ball 2-2: Foul Ball, location: 2F 2-2: Strikes out swinging
|
Batting: SHB Mitchell Greene
|
0-0: Called Strike 0-1: Ball 1-1: Foul Ball, location: 2F 1-2: Ball 2-2: Ball 3-2: SINGLE (Groundball, 34S, EV 67.5 MPH) (infield hit)
|
Pitching: RHP Jared Barger
|
|
Batting: RHB John Freeman
|
0-0: Called Strike 0-1: Foul Ball, location: 2F 0-2: Ball 1-2: Foul Ball, location: 2F 1-2: Foul Ball, location: 2F 1-2: Strikes out swinging
|
Batting: RHB Brian Landrum
|
0-0: Ball 1-0: SINGLE (Groundball, 6S, EV 69.4 MPH) (infield hit) Mitchell Greene to second
|
Batting: LHB Paul Collins
|
0-0: Swinging Strike 0-1: Foul Ball, location: 2F 0-2: Foul Ball, location: 2F 0-2: Strikes out looking
|
Top of the 7th over - 0 runs, 2 hits, 0 errors, 2 left on base; Milwaukee (WIN) 3 - Detroit (WIN) 5 |
BOTTOM OF THE 7TH |
Detroit (WIN) Tigers batting - Pitching for Milwaukee (WIN) Brewers : RHP Mark Hincks
|
Pitching: RHP Johnathan Starr
|
|
Batting: SHB Ross Holland
|
0-0: Fly out, F9 (Line Drive, 8RM, EV 85.6 MPH)
|
Batting: RHB Bill Cabrera
|
0-0: Foul Ball, location: 2F 0-1: Swinging Strike 0-2: Ball 1-2: Strikes out swinging
|
Batting: LHB Jon Frederick
|
0-0: Ball 1-0: Ball 2-0: Swinging Strike 2-1: Foul Ball, location: 2F 2-2: Foul Ball, location: 2F 2-2: Strikes out swinging
|
Bottom of the 7th over - 0 runs, 0 hits, 0 errors, 0 left on base; Milwaukee (WIN) 3 - Detroit (WIN) 5 |
TOP OF THE 8TH |
Milwaukee (WIN) Brewers batting - Pitching for Detroit (WIN) Tigers : RHP Jared Barger
|
Batting: RHB Logan Morgan
|
0-0: Called Strike 0-1: Ball 1-1: Swinging Strike 1-2: Foul Ball, location: 2F 1-2: Foul Ball, location: 2F 1-2: Foul Ball, location: 2F 1-2: Strikes out swinging
|
Batting: RHB Joe LaDue
|
0-0: Ball 1-0: Called Strike 1-1: SOLO HOME RUN (Line Drive, 7D, EV 106.2 MPH), Distance : 399 ft
|
Batting: LHB Gabe Harvey
|
0-0: Ball 1-0: Called Strike 1-1: SINGLE (Groundball, 4MD, EV 95.6 MPH)
|
Batting: RHB Eddie McCoy
|
0-0: Ball 1-0: Ball 2-0: Ball 3-0: Base on Balls Gabe Harvey to second
|
Batting: RHB Nick Garland
|
0-0: Swinging Strike 0-1: Ball 1-1: SINGLE (Groundball, 56D, EV 103.8 MPH) Gabe Harvey to third Eddie McCoy to second Runner from 3rd tries for Home, SAFE, throw by LF to home
|
Batting: SHB Mitchell Greene
|
0-0: Ball 1-0: Ball 2-0: Foul Ball, location: 2F 2-1: Swinging Strike 2-2: Ball 3-2: Ground out U3 (Groundball, 3S, EV 85.6 MPH) Eddie McCoy to third Nick Garland to second
|
Batting: RHB John Freeman
|
0-0: Ball 1-0: Fly out, F8 (Flyball, 8LXD, EV 106.2 MPH)
|
Top of the 8th over - 2 runs, 3 hits, 0 errors, 2 left on base; Milwaukee (WIN) 5 - Detroit (WIN) 5 |
BOTTOM OF THE 8TH |
Detroit (WIN) Tigers batting - Pitching for Milwaukee (WIN) Brewers : RHP Johnathan Starr
|
Batting: RHB Steve Clark
|
0-0: Swinging Strike 0-1: Swinging Strike 0-2: Strikes out looking
|
Batting: RHB Joel Miller
|
0-0: Fly out, F9 (Line Drive, 9S, EV 98.1 MPH)
|
Batting: RHB Aaron Cusick
|
0-0: Swinging Strike 0-1: Called Strike 0-2: Ball 1-2: Foul Ball, location: 2F 1-2: Foul Ball, location: 2F 1-2: Strikes out swinging
|
Bottom of the 8th over - 0 runs, 0 hits, 0 errors, 0 left on base; Milwaukee (WIN) 5 - Detroit (WIN) 5 |
TOP OF THE 9TH |
Milwaukee (WIN) Brewers batting - Pitching for Detroit (WIN) Tigers : RHP Jared Barger
|
Pitching: RHP Chris Haselhorst
|
|
Batting: RHB Brian Landrum
|
0-0: Ball 1-0: Ball 2-0: Called Strike 2-1: Called Strike 2-2: Strikes out looking
|
Batting: LHB Paul Collins
|
0-0: Called Strike 0-1: Foul Ball, location: 2F 0-2: Ground out U3 (Groundball, 3, EV 88.1 MPH)
|
Batting: RHB Logan Morgan
|
0-0: Ball 1-0: Ball 2-0: SINGLE (Line Drive, 89S, EV 103.1 MPH)
|
Batting: RHB Joe LaDue
|
0-0: Ball 1-0: DOUBLE (Flyball, 8LXD, EV 108.1 MPH) Logan Morgan to third Runner from 3rd tries for Home, SAFE, no throw by CF
|
Batting: LHB Gabe Harvey
|
0-0: Ball 1-0: Fly out, F7 (Line Drive, 7S, EV 93.8 MPH)
|
Top of the 9th over - 1 run, 2 hits, 0 errors, 1 left on base; Milwaukee (WIN) 6 - Detroit (WIN) 5 |
BOTTOM OF THE 9TH |
Detroit (WIN) Tigers batting - Pitching for Milwaukee (WIN) Brewers : RHP Johnathan Starr
|
Pitching: RHP Nick Butler
|
|
Batting: RHB Casey Knutson
|
0-0: Called Strike 0-1: Ground out 4-3 (Groundball, 4, EV 100.0 MPH)
|
Batting: RHB Jon Goldstein
|
0-0: Foul Ball, location: 2F 0-1: Foul Ball, location: 2F 0-2: Ball 1-2: Foul Ball, location: 2F 1-2: Ground out 6-3 (Groundball, 6, EV 101.2 MPH)
|
Batting: LHB Freddy Troncoso
|
0-0: Ball 1-0: Called Strike 1-1: Foul Ball, location: 2F 1-2: Ball 2-2: Ground out 5-3 (Groundball, 56, EV 83.8 MPH)
|
Bottom of the 9th over - 0 runs, 0 hits, 0 errors, 0 left on base; Milwaukee (WIN) 6 - Detroit (WIN) 5 |
|